 Dungeon Crawl Stone Soup version 0.28-a0-500-g121bc3e445 (webtiles) character file.

Game seed: 2755509376024173150

998 frimble the Stinger (level 8, -4/51 HPs)
             Began as an Octopode Venom Mage on Sept 20, 2021.
             Shot with an arrow by a centaur (5 damage)
             ... on level 7 of the Dungeon.
             The game lasted 00:06:19 (5553 turns).

frimble the Stinger (Octopode Venom Mage)           Turns: 5553, Time: 00:06:19

Health: -4/51      AC:  1    Str:  7    XL:     8   Next: 19%
Magic:  11/11      EV: 13    Int: 20    God:
Gold:   329        SH:  0    Dex: 12    Spells: 4/11 levels left

rFire   . . .      SeeInvis .   a - +4 dagger (venom)
rCold   . . .      Faith    .   (no shield)
rNeg    . . .      Spirit   .   (helmet restricted)
rPois   .          Reflect  .   (no amulet)
rElec   .          Harm     .   (no ring)
rCorr   .          Rampage  .   (no ring)
Will    .....                   (no ring)
Stlth   ++........              (no ring)
HPRegen 0.17/turn               (no ring)
MPRegen 0.12/turn               (no ring)
                                (no ring)
                                (no ring)

@: confused, ambrosia-drunk
A: almost no armour, amphibious, 8 rings, camouflage 1, gelatinous body 1,
(nimble swimmer 1), tentacles
a: no special abilities


You were on level 7 of the Dungeon.
You visited 1 branch of the dungeon, and saw 7 of its levels.

You collected 329 gold pieces.

Inventory:

Hand Weapons
 a - a +4 dagger of venom (weapon)
 i - a +3 rapier
Armour
 j - a +1 kite shield
Scrolls
 b - a scroll of identify
 c - a scroll of holy word
 f - 3 scrolls of magic mapping
Potions
 e - a potion of cancellation
 g - a potion of haste
 k - a potion of flight


   Skills:
 + Level 2.5 Fighting
 + Level 5.1 Short Blades
 - Level 2.0 Dodging
 - Level 7.0 Stealth
 - Level 2.0 Spellcasting
 - Level 1.0 Transmutations
 + Level 7.3 Poison Magic


You had 4 spell levels left.
You knew the following spells:

 Your Spells              Type           Power      Damage    Failure   Level
a - Sting                 Tmut/Pois      72%        1d6       3%          1
b - Olgreb's Toxic Radia  Pois           31%        N/A       8%          4
c - Passwall              Tmut/Erth      3%         N/A       19%         2

Your spell library contained the following spells:

 Spells                   Type           Power      Damage    Failure   Level
 Poisonous Vapours        Pois/Air       32%        N/A       5%          2
 Sandblast                Erth           4%         2d4       16%         1
 Mephitic Cloud           Conj/Pois/Air  11%        N/A       17%         3
 Stone Arrow              Conj/Erth      4%         3d7       43%         3


Dungeon Overview and Level Annotations

Branches:
Dungeon (7/15)             Temple (0/1) D:5

Altars:

Shops:
D:2 ?


Innate Abilities, Weirdness & Mutations

You cannot wear most types of armour.
You are amphibious.
You can wear up to eight rings at the same time.
Your skin changes colour to match your surroundings (Stealth+).
Your rubbery body absorbs attacks. (AC +1, EV +1)
((You are camouflaged near water. (Stealth+)))
You have tentacles for arms and can constrict up to eight enemies at once.


Message History

You hit the centaur.
The centaur looks as sick as possible!
The centaur is severely wounded.
The centaur closely misses you. The centaur barely misses you.
The wyvern skeleton closely misses you.
You closely miss the centaur.
The centaur is severely wounded.
The centaur misses you. x2; The wyvern skeleton bites you!
You are too injured to fight recklessly!
You are too injured to fight recklessly!
You hit the centaur.
The centaur is severely wounded.
The centaur hits you. The centaur kicks you. The wyvern skeleton bites you!
The centaur barely misses you. The centaur kicks you.
* * * LOW HITPOINT WARNING * * *
Okay, then.
Unknown command.
Okay, then.
Unknown command.
The wyvern skeleton bites you!
* * * LOW HITPOINT WARNING * * *
There is a stone staircase leading down here.
Unknown command.
Unknown command.
Unknown command.
You are confused.
You feel invigorated. The centaur misses you. The centaur barely misses you.
The wyvern skeleton bites you!
* * * LOW HITPOINT WARNING * * *
The centaur barely misses you. The centaur kicks you.
* * * LOW HITPOINT WARNING * * *
In your confused state, you trip and fall down the stairs.
* * * LOW HITPOINT WARNING * * *
You climb downwards.
Found an inky potion.
There is a stone staircase leading up here.
The centaur wields a +0 shortbow.
The centaur shoots an arrow.
The arrow hits you.
* * * LOW HITPOINT WARNING * * *
The centaur shoots an arrow.
The arrow hits you.
You die...

..# #.#
####.##
.....##
#.....
#....#
...##!..c#
.......<.#
^.......@#
..########


You could see a centaur (very poisoned).

Vanquished Creatures
  Eustachio (D:5)
  An ice beast (D:4)
  A necrophage (D:4)
  An ogre (D:5)
  2 hounds
  A jelly (D:4)
  A centaur skeleton (D:4)
  A bullfrog skeleton (D:4)
  3 iguanas
  2 orc wizards
  A scorpion zombie (D:5)
  2 hound zombies (D:5)
  A hound skeleton (D:4)
  8 gnolls
  7 adders
  2 worms
  3 dart slugs (D:1)
  12 orcs
  4 ball pythons
  3 bats (D:1)
  9 endoplasms
  8 giant cockroaches
  13 goblins
  5 hobgoblins
  7 jackals
  2 quokkas
  8 frilled lizards
  10 kobolds
  6 rats
125 creatures vanquished.

Notes
Turn   | Place    | Note
-------+----------+-------------------------------------------
     0 | D:1      | frimble the Octopode Venom Mage began the quest for the
                  | Orb.
     0 | D:1      | Reached XP level 1. HP: 11/11 MP: 3/3
   311 | D:1      | Reached XP level 2. HP: 18/18 MP: 5/5
   458 | D:1      | Reached skill level 1 in Short Blades
   580 | D:1      | Reached XP level 3. HP: 22/22 MP: 6/6
  1410 | D:2      | Reached XP level 4. HP: 22/27 MP: 7/7
  1473 | D:2      | Found Gograff's Magic Scroll Boutique.
  1557 | D:2      | Learned a level 4 spell: Olgreb's Toxic Radiance
  1997 | D:2      | Reached XP level 5. HP: 19/32 MP: 4/8
  2583 | D:2      | Reached skill level 5 in Poison Magic
  2780 | D:3      | Reached skill level 5 in Stealth
  3223 | D:3      | Reached XP level 6. HP: 37/37 MP: 9/9
  4259 | D:4      | Noticed a necrophage
  4269 | D:4      | Killed a necrophage
  4284 | D:4      | Reached XP level 7. HP: 32/42 MP: 6/10
  4875 | D:4      | Learned a level 2 spell: Passwall
  4891 | D:5      | Entered Level 5 of the Dungeon
  5009 | D:5      | Reached skill level 1 in Fighting
  5015 | D:5      | Found a staircase to the Ecumenical Temple.
  5082 | D:5      | Noticed Eustachio
  5113 | D:5      | Killed Eustachio
  5114 | D:5      | Reached skill level 5 in Short Blades
  5114 | D:5      | Reached XP level 8. HP: 40/51 MP: 4/11
  5551 | D:6      | HP: 2/51 [centaur (3)]
  5553 | D:7      | Shot with an arrow by a centaur

Illustrated notes

Levels and vault maps discovered:
D:1:      lemuel_arrival_cross, layout_loops_ring
D:2:      layout_basic, serial_shops, shop_fountains, kennysheep_generic_room_7
D:3:      layout_basic, serial_glass, glass_columns_b, glass_columns_a,
          glass_columns_b, glass_columns_b, glass_columns_c, glass_columns_b
D:4:      layout_loops_ring, minmay_joined_circles
D:5:      layout_rooms, minmay_temple_entry_butterflies, uniq_eustachio
D:6:      layout_basic, mainiacjoe_overflow_chevrons, kiku_gazebo_pond_becter,
          uniq_blork_the_orc
D:7:      layout_loops_ring, makhleb_heckhound_becter,
          minmay_overflow_temple_hex, nicolae_overflow_hidden_temple,
          minmay_misc_feat_plants, uniq_harold

Skill      XL: |  1  2  3  4  5  6  7 |
---------------+----------------------+-----
Stealth        | 3 4 5 6 7 |  7.0
Poison Magic   | 4 5 6 7 |  7.3
Short Blades   | 1 2 3 5 |  5.1
Fighting       | 2 |  2.5
Dodging        | |  2.0
Spellcasting   | |  2.0
Transmutations | |  1.0

Action                   |  1- 3 |  4- 6 |  7- 9 || total
-------------------------+-------+-------+-------++-------
Melee: Dagger            |    67 |    99 |    51 ||   217
       Unarmed           |     3 |       |       ||     3
       Tentacles         |     6 |    10 |     7 ||    23
       Constrict         |    13 |    24 |     9 ||    46
 Cast: Sting             |     2 |     2 |     3 ||     7
       Olgreb's Toxic Ra |       |     6 |     4 ||    10
  Use: Scroll            |     2 |     3 |     5 ||    10
       Potion            |       |       |     1 ||     1
 Stab: Sleeping          |    17 |     8 |     5 ||    30
Armor: Skin              |     6 |     3 |     2 ||    11
Dodge: Dodged            |    28 |    48 |    37 ||   113

Table legend: (Time is in decaauts)
 A = Elapsed time spent in this place.
 B = Non-inter-level travel time spent in this place.
 C = Inter-level travel time spent in this place.
 D = Time resting spent in this place.
 E = Time spent auto-exploring this place.
 F = Levels seen in this place.
 G = Mean time per level.
                   A        B        C        D        E       F      G
               +--------+--------+--------+--------+--------+-----+--------+
         Total |   5522 |   5391 |    131 |      0 |   4624 |   7 |  788.9 |
       Dungeon |   5522 |   5391 |    131 |      0 |   4624 |   7 |  788.9 |
               +--------+--------+--------+--------+--------+-----+--------+

Top non-repeatable levels by time:
     D:4: 1388 daAuts
     D:2: 1360 daAuts
     D:1: 1298 daAuts
     D:3: 822 daAuts
     D:5: 604 daAuts
     D:6: 47 daAuts
     D:7: 0 daAuts
